Jets vs Kings
Created - February 15, 2023 at 19:31
Goals
|
| Jets |
2 |
1 |
0 |
3 |
| Kings |
1 |
1 |
0 |
2 |
|
Shots
|
| Jets |
12 |
10 |
12 |
34 |
| Kings |
10 |
8 |
10 |
28 |
|
1st period
1. Jets , Dougie Hamilton 3 (Sam Reinhart 4, Tyler Toffoli 15) at 4:36
2. Kings , Nicklas Backstrom 14 (Auston Matthews 15, Kyle Clifford 24) at 6:26 (PP)
3. Jets , Tyler Seguin 17 (Tyler Toffoli 16, Adam Larsson 12) at 17:56
Penalties :
Max Domi (Win) for High sticking (Minor) at 5:57
2nd period
4. Jets , Max Domi 7 (Tyler Seguin 26) at 7:59 (PP)
5. Kings , Ilya Kovalchuk 14 (Rasmus Ristolainen 24) at 13:50
Penalties :
Ilya Kovalchuk (L.A) for Cross-checking (Minor) at 7:23
3rd period
No Goal
Penalties :
Ilya Kovalchuk (L.A) for Hooking (Minor) at 4:02, Nick Bjugstad (Win) for Roughing (Minor) at 16:03
Goalie Stats
Jacob Markstrom (Win), 26 saves from 28 shots - (0.929), W, 21-12-3, 60:00 minutes
Petr Mrazek (L.A), 31 saves from 34 shots - (0.912), L, 17-12-1, 59:47 minutes
Players Stats for Jets
Player Name G A P +/- PIM S H SB GA TA FO MP PP MP PK MP
------------------------------------------------------------------------------------
Adam Larsson 0 1 1 1 0 1 1 0 1 1 0/0 17:31 0:00 0:45
Alex Galchenyuk 0 0 0 -1 0 2 1 2 0 0 0/1 20:14 1:29 1:23
Alexander Wennberg 0 0 0 0 0 2 0 0 0 0 10/12 11:18 0:00 0:36
Anthony Mantha 0 0 0 0 0 1 1 0 0 0 0/0 10:42 0:00 0:00
Brent Burns 0 0 0 -1 0 0 0 0 0 0 0/0 18:07 0:54 0:00
Dougie Hamilton 1 0 1 1 0 5 1 1 1 0 0/0 24:23 1:41 0:45
Frank Vatrano 0 0 0 1 0 0 3 0 0 0 0/0 9:56 0:00 0:36
Jussi Jokinen 0 0 0 0 0 4 4 1 0 0 1/1 10:42 0:00 0:00
Marco Scandella 0 0 0 1 0 2 2 1 0 0 0/0 17:30 0:00 1:43
Max Domi 1 0 1 1 2 5 1 0 2 0 0/0 18:38 1:06 0:00
Nick Bjugstad 0 0 0 -1 2 1 2 1 0 1 0/0 18:56 1:06 0:29
Noel Acciari 0 0 0 1 0 0 0 0 0 0 1/2 8:08 0:00 0:00
Ryan Johansen 0 0 0 -1 0 4 0 0 1 0 16/36 21:55 1:29 1:52
Ryan Murray 0 0 0 1 0 2 0 3 1 0 0/0 24:08 0:54 1:43
Sam Reinhart 0 1 1 1 0 1 0 0 0 0 0/0 8:08 0:00 0:00
Troy Stetcher 0 0 0 -1 0 1 0 0 0 2 0/0 18:21 1:41 0:00
Tyler Seguin 1 1 2 1 0 3 4 0 0 0 8/13 18:39 1:06 0:00
Tyler Toffoli 0 2 2 1 0 0 4 0 0 0 0/2 20:14 1:29 0:00
Players Stats for Kings
Player Name G A P +/- PIM S H SB GA TA FO MP PP MP PK MP
------------------------------------------------------------------------------------
Alexander Kerfoot 0 0 0 -1 0 0 0 1 0 0 2/7 11:54 0:50 0:00
Auston Matthews 0 1 1 1 0 0 1 0 2 0 13/24 17:56 1:38 0:00
Benoit Pouliot 0 0 0 1 0 3 1 0 1 0 0/2 18:31 0:00 1:07
Darnell Nurse 0 0 0 0 0 0 0 1 0 0 0/0 1:00 0:00 0:00
Drew Stafford 0 0 0 0 0 1 2 0 0 0 0/0 15:48 0:00 0:00
Ilya Kovalchuk 1 0 1 1 4 1 0 0 0 1 0/0 16:44 0:00 0:00
Jake McCabe 0 0 0 -2 0 0 1 3 0 0 0/0 24:57 0:00 0:54
Jeff Schultz 0 0 0 -1 0 0 0 1 0 0 0/0 22:31 0:26 2:00
Jujhar Khaira 0 0 0 -1 0 2 0 0 0 0 3/3 13:44 0:26 1:46
Kyle Clifford 0 1 1 0 0 3 0 1 0 0 0/3 20:29 2:02 1:31
Mark Fistric 0 0 0 1 0 1 1 0 0 2 0/0 22:05 0:00 0:35
Mikko Rantanen 0 0 0 -1 0 3 1 0 0 0 0/0 13:18 0:50 0:00
Mitch Marner 0 0 0 -1 0 1 0 0 0 0 0/0 12:46 1:38 0:00
Nicklas Backstrom 1 0 1 0 0 7 2 0 0 1 13/24 18:53 1:38 0:39
Peter Regin 0 0 0 -1 0 1 1 0 0 1 0/4 10:59 0:00 0:00
Rasmus Ristolainen 0 1 1 1 0 4 0 2 1 0 0/0 30:21 2:02 1:06
Robert Hagg 0 0 0 -1 0 1 1 1 0 0 0/0 13:00 0:00 0:35
William Nylander 0 0 0 -1 0 0 0 0 0 1 0/0 12:27 0:50 0:07
3 Stars
1 - Tyler Seguin (Win)
2 - Tyler Toffoli (Win)
3 - Dougie Hamilton (Win)
Power Play
Jets - 1 on 2 Attempt(s) - 50.00%
Kings - 1 on 2 Attempt(s) - 50.00%
Penalty Kill
Jets - 1 on 2 Attempt(s) - 50.00%
- Score 0 goal in Penalty Kill
Kings - 1 on 2 Attempt(s) - 50.00%
- Score 0 goal in Penalty Kill
Team Stat
Jets - Hits : 24 - Faceoff Wins : 36 - Blocked Shots : 9 - Penalty Minutes : 4
Kings - Hits : 11 - Faceoff Wins : 31 - Blocked Shots : 10 - Penalty Minutes : 4
Official
Referees : Tom Chmielewski and Michael Markovic
Linesman : Vaughan Rody and Kory Nagy
Game Notes
Darnell Nurse is injured at 2:40 of 1st period (Strained Left Knee)
17:56 of 1st period - Jets goal is going for a video replay. After video review, Goal.
Finance
Level 1 -- Attendance: 5911 (98.52%) -- Ticket Income $591,100
Level 2 -- Attendance: 5000 (100.00%) -- Ticket Income $300,000
Level 3 -- Attendance: 2000 (100.00%) -- Ticket Income $70,000
Level 4 -- Attendance: 3585 (89.63%) -- Ticket Income $89,625
Luxury Box -- Attendance: 954 (95.40%) -- Ticket Income $190,800
Game was played at the Staples Center.
Total Attendance: 17450 (96.94%)
Total Ticket Income: $1,241,525
Other Income: $186,229
Total Income: $1,427,754
Jets
5 vs 5 Forward
Center Left Wing Right Wing Time % Phy DF OF
1 Ryan Johansen Alex Galchenyuk Nick Bjugstad 35 1 2 2
2 Tyler Seguin Max Domi Tyler Toffoli 35 1 2 2
3 Alexander Wennberg Jussi Jokinen Anthony Mantha 20 1 2 2
4 Noel Acciari Frank Vatrano Sam Reinhart 10 1 2 2
5 vs 5 Defense
Defense Defense Time % Phy DF OF
1 Ryan Murray Dougie Hamilton 40 1 2 2
2 Adam Larsson Marco Scandella 30 1 2 2
3 Brent Burns Troy Stetcher 30 1 2 2
4 Ryan Murray Adam Larsson 0 1 2 2
PowerPlay Forward
Center Left Wing Right Wing Time % Phy DF OF
1 Ryan Johansen Alex Galchenyuk Tyler Toffoli 55 1 0 4
2 Tyler Seguin Max Domi Nick Bjugstad 45 1 0 4
PowerPlay Defense
Defense Defense Time % Phy DF OF
1 Troy Stetcher Dougie Hamilton 60 0 1 4
2 Brent Burns Ryan Murray 40 0 1 4
Penalty Kill 4 Players Forward
Center Wing Time % Phy DF OF
1 Ryan Johansen Nick Bjugstad 60 1 2 2
2 Tyler Toffoli Frank Vatrano 40 1 2 2
Penalty Kill 4 Players Defense
Defense Defense Time % Phy DF OF
1 Ryan Murray Marco Scandella 60 1 3 1
2 Dougie Hamilton Adam Larsson 40 1 3 1
Penalty Kill - 3 Players Forward
Forward Time % Phy DF OF
1 Ryan Johansen 60 0 4 1
2 Tyler Seguin 40 0 4 1
Penalty Kill - 3 Players Defense
Defense Defense Time % Phy DF OF
1 Ryan Murray Marco Scandella 60 1 4 0
2 Adam Larsson Dougie Hamilton 40 1 4 0
4 vs 4 Forward
Center Wing Time % Phy DF OF
1 Ryan Johansen Alex Galchenyuk 60 1 2 2
2 Tyler Seguin Max Domi 40 1 2 2
4 vs 4 Defense
Defense Defense Time % Phy DF OF
1 Adam Larsson Marco Scandella 60 1 2 2
2 Dougie Hamilton Ryan Murray 40 1 2 2
Last Minutes Offensive
Center Left Wing Right Wing Defense Defense
Ryan Johansen Alex Galchenyuk Tyler Toffoli Dougie Hamilton Marco Scandella
Last Minutes Defensive
Center Left Wing Right Wing Defense Defense
Ryan Johansen Frank Vatrano Tyler Toffoli Ryan Murray Marco Scandella
Goaltenders
Starting : Jacob Markstrom
Backup : Elvis Merzlikins
Extra Forwards
Normal : Nick Bjugstad, Max Domi, Sam Reinhart - PP : Nick Bjugstad, Alexander Wennberg - PK : Nick Bjugstad
Extra Defensemen
Normal : Dougie Hamilton, Adam Larsson, Marco Scandella - PP : Brent Burns - PK : Brent Burns, Marco Scandella
Penalty Shots
Ryan Johansen, Tyler Toffoli, Tyler Seguin, Jussi Jokinen, Nick Bjugstad
Scratches
None
Kings
5 vs 5 Forward
Center Left Wing Right Wing Time % Phy DF OF
1 Nicklas Backstrom Kyle Clifford Drew Stafford 30 2 2 1
2 Auston Matthews Benoit Pouliot Ilya Kovalchuk 30 1 2 2
3 Alexander Kerfoot Jujhar Khaira Mikko Rantanen 20 1 2 2
4 Peter Regin William Nylander Mitch Marner 20 1 2 2
5 vs 5 Defense
Defense Defense Time % Phy DF OF
1 Darnell Nurse Jeff Schultz 40 1 3 1
2 Mark Fistric Rasmus Ristolainen 40 1 3 1
3 Jake McCabe Robert Hagg 15 1 3 1
4 Darnell Nurse Rasmus Ristolainen 5 1 3 1
PowerPlay Forward
Center Left Wing Right Wing Time % Phy DF OF
1 Nicklas Backstrom Auston Matthews Mitch Marner 55 0 1 4
2 Alexander Kerfoot William Nylander Mikko Rantanen 45 0 1 4
PowerPlay Defense
Defense Defense Time % Phy DF OF
1 Kyle Clifford Rasmus Ristolainen 70 0 2 3
2 Darnell Nurse Jujhar Khaira 30 0 3 2
Penalty Kill 4 Players Forward
Center Wing Time % Phy DF OF
1 Jujhar Khaira Ilya Kovalchuk 60 0 4 1
2 Peter Regin Drew Stafford 40 0 4 1
Penalty Kill 4 Players Defense
Defense Defense Time % Phy DF OF
1 Darnell Nurse Jeff Schultz 60 1 4 0
2 Mark Fistric Robert Hagg 40 1 4 0
Penalty Kill - 3 Players Forward
Forward Time % Phy DF OF
1 Jujhar Khaira 60 1 2 2
2 Drew Stafford 40 1 2 2
Penalty Kill - 3 Players Defense
Defense Defense Time % Phy DF OF
1 Darnell Nurse Jeff Schultz 60 1 2 2
2 Robert Hagg Mark Fistric 40 1 2 2
4 vs 4 Forward
Center Wing Time % Phy DF OF
1 Auston Matthews Kyle Clifford 60 1 2 2
2 Nicklas Backstrom Mikko Rantanen 40 1 2 2
4 vs 4 Defense
Defense Defense Time % Phy DF OF
1 Darnell Nurse Jeff Schultz 60 1 2 2
2 Robert Hagg Rasmus Ristolainen 40 1 2 2
Last Minutes Offensive
Center Left Wing Right Wing Defense Defense
Nicklas Backstrom Kyle Clifford Mikko Rantanen Darnell Nurse Rasmus Ristolainen
Last Minutes Defensive
Center Left Wing Right Wing Defense Defense
Peter Regin Kyle Clifford Ilya Kovalchuk Darnell Nurse Jeff Schultz
Goaltenders
Starting : Petr Mrazek
Backup : Thomas McCollum
Extra Forwards
Normal : Kyle Clifford, Jujhar Khaira, William Nylander - PP : Benoit Pouliot, Ilya Kovalchuk - PK : Kyle Clifford
Extra Defensemen
Normal : Rasmus Ristolainen, Darnell Nurse, Jeff Schultz - PP : Jeff Schultz - PK : Jeff Schultz, Rasmus Ristolainen
Penalty Shots
Ilya Kovalchuk, Benoit Pouliot, Mikko Rantanen, Auston Matthews, Peter Regin
Scratches
Joe Colborne (Healthy), Michael Raffl (Healthy), Ole-Kristian Tollefsen (Healthy)
% Time on Ice - Jets
Lines # - Real PCT - Wanted PCT - Time Play
Normal Forward
1 - 32% - 35% - 17:22
2 - 33% - 35% - 17:33
3 - 20% - 20% - 10:42
4 - 15% - 10% - 8:08
Normal Defense
1 - 38% - 40% - 20:29
2 - 31% - 30% - 16:36
3 - 31% - 30% - 16:40
4 - 0% - 0% - 0:00
PP Forward
1 - 57% - 55% - 1:29
2 - 43% - 45% - 1:06
PP Defense
1 - 65% - 60% - 1:41
2 - 35% - 40% - 0:54
PK Forward
1 - 100% - 60% - 2:28
2 - 0% - 40% - 0:00
PK Defense
1 - 70% - 60% - 1:43
2 - 30% - 40% - 0:45
PK3 Forward
1 - 0% - 60%
2 - 0% - 40%
PK3 Defense
1 - 0% - 60%
2 - 0% - 40%
44 Forward
1 - 0% - 60%
2 - 0% - 40%
44 Defense
1 - 0% - 60%
2 - 0% - 40%
Last Minute Offensive - 0:00
Last Minute Defensive - 1:12
Total
Forward - 60:00
Defense - 60:00
|
% Time on Ice - Kings
Lines # - Real PCT - Wanted PCT - Time Play
Normal Forward
1 - 29% - 30% - 15:21
2 - 30% - 30% - 16:18
3 - 21% - 20% - 11:04
4 - 20% - 20% - 10:59
Normal Defense
1 - 41% - 40% - 22:11
2 - 31% - 40% - 16:47
3 - 16% - 15% - 8:27
4 - 12% - 5% - 6:17
PP Forward
1 - 66% - 55% - 1:38
2 - 34% - 45% - 0:50
PP Defense
1 - 82% - 70% - 2:02
2 - 18% - 30% - 0:26
PK Forward
1 - 100% - 60% - 2:35
2 - 0% - 40% - 0:00
PK Defense
1 - 77% - 60% - 2:00
2 - 23% - 40% - 0:35
PK3 Forward
1 - 0% - 60%
2 - 0% - 40%
PK3 Defense
1 - 0% - 60%
2 - 0% - 40%
44 Forward
1 - 0% - 60%
2 - 0% - 40%
44 Defense
1 - 0% - 60%
2 - 0% - 40%
Last Minute Offensive - 1:15
Last Minute Defensive - 0:00
Total
Forward - 60:00
Defense - 60:00
|
Play-by-Play
1st period
0:01 of 1st period - Ryan Johansen wins face-off versus Kyle Clifford in neutral zone.
0:06 of 1st period - Slapshot by Dougie Hamilton.
0:06 of 1st period - Stopped by Petr Mrazek with a rebound.
0:31 of 1st period - Mikko Rantanen is hit by Alex Galchenyuk and loses puck.
0:48 of 1st period - Ilya Kovalchuk is hit by Max Domi and loses puck.
0:56 of 1st period - Off-side.
0:57 of 1st period - Alexander Wennberg wins face-off versus Peter Regin in neutral zone.
0:59 of 1st period - Off-side.
1:00 of 1st period - Alexander Wennberg wins face-off versus Peter Regin in neutral zone.
1:17 of 1st period - Snap shot by Alexander Wennberg.
1:17 of 1st period - Stopped by Petr Mrazek with a rebound.
2:17 of 1st period - Snap shot by Ryan Johansen.
2:17 of 1st period - Stopped by Petr Mrazek with a rebound.
2:40 of 1st period - Snap shot by Alexander Wennberg.
2:40 of 1st period - Shot Blocked by Darnell Nurse.
2:40 of 1st period - Darnell Nurse from Kings is injured at 2:40 of 1st period (Strained Left Knee).
2:41 of 1st period - Auston Matthews wins face-off versus Tyler Seguin in Kings zone.
2:46 of 1st period - Slapshot by Max Domi.
2:46 of 1st period - Stopped by Petr Mrazek without a rebound.
2:47 of 1st period - Tyler Seguin wins face-off versus Benoit Pouliot in Kings zone.
3:22 of 1st period - Slapshot by Nicklas Backstrom.
3:22 of 1st period - Stopped by Jacob Markstrom without a rebound.
3:23 of 1st period - Nicklas Backstrom wins face-off versus Alexander Wennberg in Jets zone.
3:24 of 1st period - Snap shot by Rasmus Ristolainen.
3:24 of 1st period - Stopped by Jacob Markstrom without a rebound.
3:25 of 1st period - Alexander Wennberg wins face-off versus Kyle Clifford in Jets zone.
4:04 of 1st period - Off-side.
4:05 of 1st period - Ryan Johansen wins face-off versus Peter Regin in neutral zone.
4:36 of 1st period - Wrist shot by Dougie Hamilton.
4:36 of 1st period - Goal by Dougie Hamilton - Jets : 1 - Kings : 0.
4:37 of 1st period - Auston Matthews wins face-off versus Tyler Toffoli in neutral zone.
5:05 of 1st period - Slapshot by Rasmus Ristolainen.
5:05 of 1st period - Stopped by Jacob Markstrom with a rebound.
5:45 of 1st period - Jake McCabe is hit by Anthony Mantha and loses puck.
5:54 of 1st period - Snap shot by Mitch Marner.
5:54 of 1st period - Stopped by Jacob Markstrom without a rebound.
5:55 of 1st period - Tyler Seguin wins face-off versus Auston Matthews in Jets zone.
5:57 of 1st period - Minor Penalty to Max Domi for High sticking.
5:58 of 1st period - Nicklas Backstrom wins face-off versus Ryan Johansen in Jets zone.
6:10 of 1st period - Slapshot by Kyle Clifford.
6:10 of 1st period - Stopped by Jacob Markstrom without a rebound.
6:11 of 1st period - Ryan Johansen wins face-off versus Nicklas Backstrom in Jets zone.
6:26 of 1st period - Slapshot by Nicklas Backstrom.
6:26 of 1st period - Goal by Nicklas Backstrom - Jets : 1 - Kings : 1.
6:27 of 1st period - Nicklas Backstrom wins face-off versus Tyler Seguin in neutral zone.
6:47 of 1st period - Icing by Ryan Murray.
6:48 of 1st period - Auston Matthews wins face-off versus Tyler Seguin in Jets zone.
7:23 of 1st period - Wrist shot by Tyler Toffoli.
7:23 of 1st period - Deflect By Tyler Seguin.
7:23 of 1st period - Stopped by Petr Mrazek with a rebound.
7:35 of 1st period - Slapshot by Tyler Seguin.
7:35 of 1st period - Stopped by Petr Mrazek with a rebound.
7:37 of 1st period - Slapshot by Tyler Seguin.
7:37 of 1st period - Shot Hit the Post.
7:39 of 1st period - Slapshot by Ryan Murray.
7:39 of 1st period - Stopped by Petr Mrazek without a rebound.
7:40 of 1st period - Ryan Johansen wins face-off versus Nicklas Backstrom in Kings zone.
8:15 of 1st period - Slapshot by Anthony Mantha.
8:15 of 1st period - Shot Misses the Net.
8:17 of 1st period - Snap shot by Jussi Jokinen.
8:17 of 1st period - Shot Misses the Net.
8:31 of 1st period - Snap shot by Mitch Marner.
8:31 of 1st period - Shot Misses the Net.
8:33 of 1st period - Wrist shot by Robert Hagg.
8:33 of 1st period - Stopped by Jacob Markstrom with a rebound.
8:49 of 1st period - Snap shot by Nicklas Backstrom.
8:49 of 1st period - Stopped by Jacob Markstrom without a rebound.
8:50 of 1st period - Ryan Johansen wins face-off versus Nicklas Backstrom in Jets zone.
9:12 of 1st period - Snap shot by Ryan Johansen.
9:12 of 1st period - Shot Misses the Net.
9:20 of 1st period - Wrist shot by Ryan Johansen.
9:20 of 1st period - Shot Blocked by Rasmus Ristolainen.
9:49 of 1st period - Slapshot by Marco Scandella.
9:49 of 1st period - Deflect By Ryan Johansen.
9:49 of 1st period - Stopped by Petr Mrazek with a rebound.
10:25 of 1st period - Off-side.
10:26 of 1st period - Tyler Seguin wins face-off versus Auston Matthews in neutral zone.
11:41 of 1st period - Snap shot by Sam Reinhart.
11:41 of 1st period - Shot Blocked by Jeff Schultz.
12:32 of 1st period - Slapshot by Rasmus Ristolainen.
12:32 of 1st period - Shot Misses the Net.
13:26 of 1st period - Alexander Kerfoot is hit by Jussi Jokinen and loses puck.
14:19 of 1st period - Ryan Murray is hit by Mikko Rantanen and loses puck.
14:30 of 1st period - Mitch Marner is hit by Dougie Hamilton and loses puck.
15:18 of 1st period - Jake McCabe is hit by Jussi Jokinen and loses puck.
15:58 of 1st period - Mitch Marner is hit by Tyler Seguin.
16:08 of 1st period - Nick Bjugstad is hit by Drew Stafford and loses puck.
16:21 of 1st period - Noel Acciari is hit by Mark Fistric.
16:25 of 1st period - Brent Burns is hit by Auston Matthews and loses puck.
17:08 of 1st period - Slapshot by Alex Galchenyuk.
17:08 of 1st period - Shot Blocked by Jake McCabe.
17:10 of 1st period - Slapshot by Ryan Murray.
17:10 of 1st period - Deflect By Alex Galchenyuk.
17:10 of 1st period - Stopped by Petr Mrazek without a rebound.
17:11 of 1st period - Ryan Johansen wins face-off versus Nicklas Backstrom in Kings zone.
17:12 of 1st period - Snap shot by Alex Galchenyuk.
17:12 of 1st period - Shot Misses the Net.
17:31 of 1st period - Wrist shot by Mikko Rantanen.
17:31 of 1st period - Stopped by Jacob Markstrom without a rebound.
17:32 of 1st period - Tyler Seguin wins face-off versus Alexander Kerfoot in Jets zone.
17:50 of 1st period - Wrist shot by Tyler Seguin.
17:50 of 1st period - Shot Misses the Net.
17:52 of 1st period - Slapshot by Adam Larsson.
17:52 of 1st period - Deflect By Mikko Rantanen.
17:52 of 1st period - Stopped by Petr Mrazek with a rebound.
17:56 of 1st period - Wrist shot by Tyler Seguin.
17:56 of 1st period - Jets goal is going for a video replay.
17:56 of 1st period - The goal is good.
17:56 of 1st period - Goal by Tyler Seguin - Jets : 2 - Kings : 1.
17:57 of 1st period - Auston Matthews wins face-off versus Ryan Johansen in neutral zone.
18:02 of 1st period - Slapshot by Ilya Kovalchuk.
18:02 of 1st period - Deflect By Auston Matthews.
18:02 of 1st period - Shot Misses the Net.
18:02 of 1st period - Puck is out of play.
18:03 of 1st period - Ryan Johansen wins face-off versus Auston Matthews in Jets zone.
18:10 of 1st period - Wrist shot by Benoit Pouliot.
18:10 of 1st period - Shot Misses the Net.
18:12 of 1st period - Snap shot by Benoit Pouliot.
18:12 of 1st period - Stopped by Jacob Markstrom without a rebound.
18:13 of 1st period - Auston Matthews wins face-off versus Ryan Johansen in Jets zone.
18:28 of 1st period - Mark Fistric is hit by Nick Bjugstad and loses puck.
18:41 of 1st period - Slapshot by Rasmus Ristolainen.
18:41 of 1st period - Shot Misses the Net.
18:43 of 1st period - Wrist shot by Drew Stafford.
18:43 of 1st period - Shot Misses the Net.
19:42 of 1st period - Icing by Jake McCabe.
19:43 of 1st period - Auston Matthews wins face-off versus Ryan Johansen in Kings zone.
19:48 of 1st period - Snap shot by Benoit Pouliot.
19:48 of 1st period - Shot Misses the Net.
Goals for this period are 2 for Jets vs 1 for Kings.
Shots for this period are 12 for Jets vs 10 for Kings.
2nd period
0:01 of 2nd period - Auston Matthews wins face-off versus Tyler Seguin in neutral zone.
0:06 of 2nd period - Slapshot by Rasmus Ristolainen.
0:06 of 2nd period - Shot Misses the Net.
0:38 of 2nd period - Slapshot by Nicklas Backstrom.
0:38 of 2nd period - Stopped by Jacob Markstrom without a rebound.
0:39 of 2nd period - Ryan Johansen wins face-off versus Peter Regin in Jets zone.
1:06 of 2nd period - Ilya Kovalchuk is hit by Tyler Seguin and loses puck.
1:15 of 2nd period - Brent Burns is hit by Benoit Pouliot and loses puck.
1:42 of 2nd period - Off-side.
1:43 of 2nd period - Nicklas Backstrom wins face-off versus Alex Galchenyuk in neutral zone.
3:01 of 2nd period - Snap shot by Noel Acciari.
3:01 of 2nd period - Shot Misses the Net.
3:15 of 2nd period - Snap shot by Sam Reinhart.
3:15 of 2nd period - Stopped by Petr Mrazek with a rebound.
3:43 of 2nd period - Noel Acciari is hit by Drew Stafford and loses puck.
3:54 of 2nd period - Wrist shot by Kyle Clifford.
3:54 of 2nd period - Shot Blocked by Ryan Murray.
4:09 of 2nd period - Icing by Kyle Clifford.
4:10 of 2nd period - Tyler Seguin wins face-off versus Nicklas Backstrom in Kings zone.
4:42 of 2nd period - Slapshot by Alex Galchenyuk.
4:42 of 2nd period - Deflect By Ryan Johansen.
4:42 of 2nd period - Stopped by Petr Mrazek with a rebound.
5:00 of 2nd period - Snap shot by Alexander Kerfoot.
5:00 of 2nd period - Shot Misses the Net.
5:22 of 2nd period - Snap shot by Tyler Toffoli.
5:22 of 2nd period - Shot Blocked by Rasmus Ristolainen.
5:57 of 2nd period - Snap shot by William Nylander.
5:57 of 2nd period - Shot Misses the Net.
5:59 of 2nd period - Wrist shot by Mikko Rantanen.
5:59 of 2nd period - Stopped by Jacob Markstrom without a rebound.
6:00 of 2nd period - Tyler Seguin wins face-off versus Alexander Kerfoot in Jets zone.
6:23 of 2nd period - Auston Matthews is hit by Marco Scandella and loses puck.
6:30 of 2nd period - Snap shot by Nick Bjugstad.
6:30 of 2nd period - Stopped by Petr Mrazek with a rebound.
6:42 of 2nd period - Mitch Marner is hit by Jussi Jokinen and loses puck.
7:20 of 2nd period - Wrist shot by Max Domi.
7:20 of 2nd period - Stopped by Petr Mrazek without a rebound.
7:21 of 2nd period - Auston Matthews wins face-off versus Ryan Johansen in Kings zone.
7:23 of 2nd period - Minor Penalty to Ilya Kovalchuk for Cross-checking.
7:24 of 2nd period - Jujhar Khaira wins face-off versus Ryan Johansen in Kings zone.
7:50 of 2nd period - Benoit Pouliot is hit by Nick Bjugstad and loses puck.
7:59 of 2nd period - Snap shot by Max Domi.
7:59 of 2nd period - Goal by Max Domi - Jets : 3 - Kings : 1.
8:00 of 2nd period - Auston Matthews wins face-off versus Ryan Johansen in neutral zone.
8:11 of 2nd period - Slapshot by Benoit Pouliot.
8:11 of 2nd period - Stopped by Jacob Markstrom with a rebound.
8:13 of 2nd period - Slapshot by Mark Fistric.
8:13 of 2nd period - Shot Blocked by Alex Galchenyuk.
8:15 of 2nd period - Slapshot by Rasmus Ristolainen.
8:15 of 2nd period - Stopped by Jacob Markstrom without a rebound.
8:16 of 2nd period - Tyler Seguin wins face-off versus Kyle Clifford in Jets zone.
8:16 of 2nd period - Tyler Seguin is hit by Nicklas Backstrom.
9:07 of 2nd period - Mark Fistric is hit by Tyler Seguin and loses puck.
9:50 of 2nd period - Tyler Toffoli is hit by Peter Regin and loses puck.
10:07 of 2nd period - Snap shot by Tyler Seguin.
10:07 of 2nd period - Shot Misses the Net.
11:03 of 2nd period - Slapshot by William Nylander.
11:03 of 2nd period - Deflect By Peter Regin.
11:03 of 2nd period - Stopped by Jacob Markstrom without a rebound.
11:04 of 2nd period - Ryan Johansen wins face-off versus Auston Matthews in Jets zone.
11:06 of 2nd period - Icing by Troy Stetcher.
11:07 of 2nd period - Auston Matthews wins face-off versus Ryan Johansen in Jets zone.
11:08 of 2nd period - Snap shot by Benoit Pouliot.
11:08 of 2nd period - Stopped by Jacob Markstrom without a rebound.
11:09 of 2nd period - Auston Matthews wins face-off versus Ryan Johansen in Jets zone.
11:12 of 2nd period - Snap shot by Rasmus Ristolainen.
11:12 of 2nd period - Stopped by Jacob Markstrom without a rebound.
11:13 of 2nd period - Auston Matthews wins face-off versus Ryan Johansen in Jets zone.
12:39 of 2nd period - Slapshot by Troy Stetcher.
12:39 of 2nd period - Stopped by Petr Mrazek with a rebound.
13:28 of 2nd period - Wrist shot by Nick Bjugstad.
13:28 of 2nd period - Shot Hit the Post.
13:48 of 2nd period - Slapshot by Rasmus Ristolainen.
13:48 of 2nd period - Shot Blocked by Nick Bjugstad.
13:50 of 2nd period - Slapshot by Ilya Kovalchuk.
13:50 of 2nd period - Goal by Ilya Kovalchuk - Jets : 3 - Kings : 2.
13:51 of 2nd period - Alexander Wennberg wins face-off versus Nicklas Backstrom in neutral zone.
13:58 of 2nd period - Snap shot by Alexander Wennberg.
13:58 of 2nd period - Deflect By Jussi Jokinen.
13:58 of 2nd period - Shot Misses the Net.
13:58 of 2nd period - Puck is out of play.
13:59 of 2nd period - Alexander Wennberg wins face-off versus Nicklas Backstrom in Kings zone.
14:00 of 2nd period - Snap shot by Jussi Jokinen.
14:00 of 2nd period - Shot Blocked by Kyle Clifford.
14:02 of 2nd period - Wrist shot by Anthony Mantha.
14:02 of 2nd period - Stopped by Petr Mrazek with a rebound.
14:08 of 2nd period - Snap shot by Jussi Jokinen.
14:08 of 2nd period - Shot Misses the Net.
14:10 of 2nd period - Slapshot by Ryan Murray.
14:10 of 2nd period - Deflect By Jake McCabe.
14:10 of 2nd period - Stopped by Petr Mrazek with a rebound.
14:12 of 2nd period - Snap shot by Ryan Murray.
14:12 of 2nd period - Deflect By Alexander Wennberg.
14:12 of 2nd period - Stopped by Petr Mrazek with a rebound.
14:14 of 2nd period - Wrist shot by Jussi Jokinen.
14:14 of 2nd period - Shot Misses the Net.
14:16 of 2nd period - Slapshot by Ryan Murray.
14:16 of 2nd period - Shot Blocked by Robert Hagg.
14:30 of 2nd period - Snap shot by Jussi Jokinen.
14:30 of 2nd period - Shot Misses the Net.
14:58 of 2nd period - Snap shot by Jussi Jokinen.
14:58 of 2nd period - Stopped by Petr Mrazek without a rebound.
14:59 of 2nd period - Alexander Kerfoot wins face-off versus Tyler Seguin in Kings zone.
14:59 of 2nd period - Alexander Kerfoot is hit by Tyler Toffoli.
15:26 of 2nd period - Peter Regin is hit by Frank Vatrano and loses puck.
16:48 of 2nd period - Peter Regin is hit by Marco Scandella and loses puck.
18:37 of 2nd period - Peter Regin is hit by Adam Larsson and loses puck.
Goals for this period are 1 for Jets vs 1 for Kings.
Shots for this period are 10 for Jets vs 8 for Kings.
3rd period
0:01 of 3rd period - Nicklas Backstrom wins face-off versus Ryan Johansen in neutral zone.
0:12 of 3rd period - Slapshot by Rasmus Ristolainen.
0:12 of 3rd period - Deflect By Kyle Clifford.
0:12 of 3rd period - Shot Misses the Net.
0:12 of 3rd period - Puck is out of play.
0:13 of 3rd period - Nicklas Backstrom wins face-off versus Ryan Johansen in Jets zone.
0:20 of 3rd period - Slapshot by Nicklas Backstrom.
0:20 of 3rd period - Shot Misses the Net.
0:49 of 3rd period - Off-side.
0:50 of 3rd period - Alexander Wennberg wins face-off versus Auston Matthews in neutral zone.
0:53 of 3rd period - Slapshot by Marco Scandella.
0:53 of 3rd period - Stopped by Petr Mrazek with a rebound.
0:55 of 3rd period - Snap shot by Jussi Jokinen.
0:55 of 3rd period - Stopped by Petr Mrazek with a rebound.
0:57 of 3rd period - Slapshot by Marco Scandella.
0:57 of 3rd period - Stopped by Petr Mrazek without a rebound.
0:58 of 3rd period - Alexander Wennberg wins face-off versus Auston Matthews in Kings zone.
1:11 of 3rd period - Snap shot by Jussi Jokinen.
1:11 of 3rd period - Stopped by Petr Mrazek without a rebound.
1:12 of 3rd period - Nicklas Backstrom wins face-off versus Ryan Johansen in Kings zone.
1:27 of 3rd period - Wrist shot by Dougie Hamilton.
1:27 of 3rd period - Deflect By Nicklas Backstrom.
1:27 of 3rd period - Stopped by Petr Mrazek with a rebound.
1:39 of 3rd period - Mark Fistric is hit by Tyler Toffoli.
1:58 of 3rd period - Off-side.
1:59 of 3rd period - Auston Matthews wins face-off versus Alexander Wennberg in neutral zone.
2:06 of 3rd period - Backhand shot by Benoit Pouliot.
2:06 of 3rd period - Shot Blocked by Jussi Jokinen.
2:31 of 3rd period - Slapshot by Jake McCabe.
2:31 of 3rd period - Shot Misses the Net.
2:33 of 3rd period - Slapshot by Jeff Schultz.
2:33 of 3rd period - Shot Misses the Net.
2:35 of 3rd period - Wrist shot by Benoit Pouliot.
2:35 of 3rd period - Shot Misses the Net.
2:37 of 3rd period - Slapshot by Jeff Schultz.
2:37 of 3rd period - Deflect By Benoit Pouliot.
2:37 of 3rd period - Shot Blocked by Marco Scandella.
2:37 of 3rd period - Puck is out of play.
2:38 of 3rd period - Nicklas Backstrom wins face-off versus Ryan Johansen in Jets zone.
2:47 of 3rd period - Wrist shot by Nicklas Backstrom.
2:47 of 3rd period - Stopped by Jacob Markstrom with a rebound.
2:53 of 3rd period - Snap shot by Kyle Clifford.
2:53 of 3rd period - Shot Misses the Net.
2:55 of 3rd period - Snap shot by Kyle Clifford.
2:55 of 3rd period - Shot Misses the Net.
3:05 of 3rd period - Alexander Kerfoot is hit by Tyler Toffoli and loses puck.
3:12 of 3rd period - Slapshot by Jeff Schultz.
3:12 of 3rd period - Deflect By Jujhar Khaira.
3:12 of 3rd period - Stopped by Jacob Markstrom without a rebound.
3:13 of 3rd period - Tyler Seguin wins face-off versus Benoit Pouliot in Jets zone.
3:19 of 3rd period - Troy Stetcher is hit by Robert Hagg and loses puck.
3:39 of 3rd period - Ilya Kovalchuk is hit by Jussi Jokinen and loses puck.
4:02 of 3rd period - Minor Penalty to Ilya Kovalchuk for Hooking.
4:03 of 3rd period - Jujhar Khaira wins face-off versus Tyler Toffoli in Kings zone.
4:08 of 3rd period - Wrist shot by Kyle Clifford.
4:08 of 3rd period - Stopped by Jacob Markstrom with a rebound.
4:10 of 3rd period - Slapshot by Kyle Clifford.
4:10 of 3rd period - Shot Misses the Net.
4:12 of 3rd period - Wrist shot by Jujhar Khaira.
4:12 of 3rd period - Stopped by Jacob Markstrom with a rebound.
4:14 of 3rd period - Snap shot by Jujhar Khaira.
4:14 of 3rd period - Deflect By Kyle Clifford.
4:14 of 3rd period - Shot Misses the Net.
4:14 of 3rd period - Puck is out of play.
4:15 of 3rd period - Jujhar Khaira wins face-off versus Ryan Johansen in Jets zone.
4:24 of 3rd period - Wrist shot by Kyle Clifford.
4:24 of 3rd period - Shot Misses the Net.
4:26 of 3rd period - Slapshot by Kyle Clifford.
4:26 of 3rd period - Stopped by Jacob Markstrom with a rebound.
6:02 of 3rd period - Penalty to Ilya Kovalchuk is over, Ilya Kovalchuk is back on ice.
6:13 of 3rd period - Wrist shot by Mitch Marner.
6:13 of 3rd period - Shot Blocked by Ryan Murray.
6:27 of 3rd period - Alexander Kerfoot is hit by Frank Vatrano and loses puck.
6:37 of 3rd period - Icing by Ryan Murray.
6:38 of 3rd period - Noel Acciari wins face-off versus Auston Matthews in Jets zone.
6:53 of 3rd period - Noel Acciari is hit by Jake McCabe and loses puck.
9:18 of 3rd period - Peter Regin is hit by Frank Vatrano and loses puck.
9:23 of 3rd period - Wrist shot by Noel Acciari.
9:23 of 3rd period - Deflect By Frank Vatrano.
9:23 of 3rd period - Shot Misses the Net.
9:23 of 3rd period - Puck is out of play.
9:24 of 3rd period - Nicklas Backstrom wins face-off versus Ryan Johansen in Kings zone.
10:14 of 3rd period - Icing by Benoit Pouliot.
10:15 of 3rd period - Alexander Wennberg wins face-off versus Auston Matthews in Kings zone.
10:16 of 3rd period - Slapshot by Jussi Jokinen.
10:16 of 3rd period - Shot Blocked by Jake McCabe.
10:18 of 3rd period - Slapshot by Dougie Hamilton.
10:18 of 3rd period - Stopped by Petr Mrazek without a rebound.
10:19 of 3rd period - Alexander Wennberg wins face-off versus Nicklas Backstrom in Kings zone.
10:20 of 3rd period - Wrist shot by Jussi Jokinen.
10:20 of 3rd period - Stopped by Petr Mrazek without a rebound.
10:21 of 3rd period - Nicklas Backstrom wins face-off versus Ryan Johansen in Kings zone.
10:52 of 3rd period - Wrist shot by Tyler Seguin.
10:52 of 3rd period - Shot Blocked by Alexander Kerfoot.
10:54 of 3rd period - Snap shot by Max Domi.
10:54 of 3rd period - Stopped by Petr Mrazek with a rebound.
10:56 of 3rd period - Slapshot by Dougie Hamilton.
10:56 of 3rd period - Deflect By Rasmus Ristolainen.
10:56 of 3rd period - Stopped by Petr Mrazek with a rebound.
10:58 of 3rd period - Wrist shot by Tyler Seguin.
10:58 of 3rd period - Deflect By Max Domi.
10:58 of 3rd period - Stopped by Petr Mrazek without a rebound.
10:59 of 3rd period - Ryan Johansen wins face-off versus Auston Matthews in Kings zone.
11:06 of 3rd period - Backhand shot by Troy Stetcher.
11:06 of 3rd period - Shot Hit the Post.
11:12 of 3rd period - Slapshot by Alex Galchenyuk.
11:12 of 3rd period - Stopped by Petr Mrazek without a rebound.
11:13 of 3rd period - Ryan Johansen wins face-off versus Nicklas Backstrom in Kings zone.
11:45 of 3rd period - Slapshot by Alexander Kerfoot.
11:45 of 3rd period - Shot Misses the Net.
11:47 of 3rd period - Wrist shot by Mikko Rantanen.
11:47 of 3rd period - Stopped by Jacob Markstrom with a rebound.
12:45 of 3rd period - Wrist shot by Tyler Seguin.
12:45 of 3rd period - Shot Blocked by Jake McCabe.
12:51 of 3rd period - Snap shot by Nicklas Backstrom.
12:51 of 3rd period - Stopped by Jacob Markstrom without a rebound.
12:52 of 3rd period - Jussi Jokinen wins face-off versus Auston Matthews in Jets zone.
13:01 of 3rd period - Slapshot by Benoit Pouliot.
13:01 of 3rd period - Shot Misses the Net.
13:05 of 3rd period - Wrist shot by Ilya Kovalchuk.
13:05 of 3rd period - Shot Misses the Net.
13:07 of 3rd period - Slapshot by Auston Matthews.
13:07 of 3rd period - Shot Misses the Net.
13:09 of 3rd period - Wrist shot by Mark Fistric.
13:09 of 3rd period - Stopped by Jacob Markstrom with a rebound.
13:18 of 3rd period - Icing by Jussi Jokinen.
13:19 of 3rd period - Ryan Johansen wins face-off versus Alexander Kerfoot in Jets zone.
13:51 of 3rd period - Off-side.
13:52 of 3rd period - Nicklas Backstrom wins face-off versus Noel Acciari in neutral zone.
14:33 of 3rd period - Snap shot by Kyle Clifford.
14:33 of 3rd period - Shot Blocked by Dougie Hamilton.
14:35 of 3rd period - Slapshot by Jake McCabe.
14:35 of 3rd period - Deflect By Drew Stafford.
14:35 of 3rd period - Stopped by Jacob Markstrom without a rebound.
14:36 of 3rd period - Ryan Johansen wins face-off versus Auston Matthews in Jets zone.
15:02 of 3rd period - Mark Fistric is hit by Tyler Seguin and loses puck.
15:50 of 3rd period - Slapshot by Kyle Clifford.
15:50 of 3rd period - Shot Blocked by Alex Galchenyuk.
15:52 of 3rd period - Snap shot by Jake McCabe.
15:52 of 3rd period - Deflect By Nicklas Backstrom.
15:52 of 3rd period - Shot Blocked by Ryan Murray.
15:52 of 3rd period - Puck is out of play.
15:53 of 3rd period - Alexander Kerfoot wins face-off versus Ryan Johansen in Jets zone.
16:03 of 3rd period - Minor Penalty to Nick Bjugstad for Roughing.
16:04 of 3rd period - Nicklas Backstrom wins face-off versus Ryan Johansen in Jets zone.
16:16 of 3rd period - Slapshot by Nicklas Backstrom.
16:16 of 3rd period - Stopped by Jacob Markstrom without a rebound.
16:17 of 3rd period - Ryan Johansen wins face-off versus Nicklas Backstrom in Jets zone.
16:50 of 3rd period - Slapshot by Rasmus Ristolainen.
16:50 of 3rd period - Deflect By William Nylander.
16:50 of 3rd period - Shot Misses the Net.
16:50 of 3rd period - Puck is out of play.
16:51 of 3rd period - Ryan Johansen wins face-off versus Alexander Kerfoot in Jets zone.
17:02 of 3rd period - Adam Larsson is hit by Nicklas Backstrom and loses puck.
17:29 of 3rd period - Snap shot by Dougie Hamilton.
17:29 of 3rd period - Deflect By Alexander Wennberg.
17:29 of 3rd period - Shot Misses the Net.
17:29 of 3rd period - Puck is out of play.
17:30 of 3rd period - Alexander Wennberg wins face-off versus Alexander Kerfoot in Kings zone.
18:03 of 3rd period - Penalty to Nick Bjugstad is over, Nick Bjugstad is back on ice.
19:07 of 3rd period - Jake McCabe is hit by Tyler Toffoli and loses puck.
19:30 of 3rd period - Snap shot by Ryan Johansen.
19:30 of 3rd period - Stopped by Petr Mrazek without a rebound.
19:31 of 3rd period - Ken Hitchcock call a timeout for Kings.
19:31 of 3rd period - Nicklas Backstrom wins face-off versus Ryan Johansen in Kings zone.
19:36 of 3rd period - Kings, Petr Mrazek is pulled from the net.
19:38 of 3rd period - Wrist shot by Nicklas Backstrom.
19:38 of 3rd period - Shot Misses the Net.
19:48 of 3rd period - Snap shot by Ryan Murray.
19:48 of 3rd period - Deflect By Ryan Johansen.
19:48 of 3rd period - Shot Misses the Net.
19:48 of 3rd period - Puck is out of play.
19:49 of 3rd period - Petr Mrazek from Kings was sent back in the game.
19:49 of 3rd period - Ryan Johansen wins face-off versus Nicklas Backstrom in Kings zone.
Goals for this period are 0 for Jets vs 0 for Kings.
Shots for this period are 12 for Jets vs 10 for Kings.